 Dungeon Crawl Stone Soup version 0.30-a0-924-g0ad0bf95bc (webtiles) character file.

Game seed: 2540621483192572116

602 Pimp the Poker (level 7, -2/55 HPs)
             Began as a Merfolk Gladiator on Mar 22, 2023.
             Slain by Maggie
             ... wielding a +2 war axe of flaming
              (5 damage)
             ... on level 6 of the Dungeon.
             The game lasted 00:10:55 (4189 turns).

Pimp the Poker (Merfolk Gladiator)                  Turns: 4189, Time: 00:10:57

Health: -2/55      AC:  6    Str: 17    XL:     7   Next: 41%
Magic:  7/7        EV: 13    Int:  7    God:
Gold:   239        SH:  0    Dex: 15    Spells: 6/6 levels left

rFire   . . .      SeeInvis .    a - +2 trident
rCold   . . .      Faith    .    (no shield)
rNeg    + . .      Spirit   .    f - +0 ring mail
rPois   .          Reflect  .    c - +0 helmet
rElec   .          Rampage  .    (no cloak)
rCorr   .                        (no gloves)
Will    .....                    (no boots)
Stlth   +                        u - amulet of magic regeneration
HPRegen 0.29/turn                t - ring of positive energy
MPRegen 0.50/turn                (no ring)

@: lethally poisoned (-2 -> -3), slowed, very slow
A: (nimble swimmer 2), mertail
a: no special abilities


You were on level 6 of the Dungeon.
You visited 1 branch of the dungeon, and saw 6 of its levels.

You collected 239 gold pieces.

Inventory:

Hand Weapons
 a - a +2 trident (weapon)
Missiles
 d - 3 throwing nets
 e - a javelin
 v - 6 silver boomerangs
Armour
 b - a +0 leather armour
 c - a +0 helmet (worn)
 f - a +0 ring mail (worn)
Jewellery
 k - an amulet of guardian spirit
 t - a ring of positive energy (left hand)
 u - an amulet of magic regeneration (around neck)
 w - a ring of fire
Wands
 x - a wand of charming (10)
Scrolls
 g - a scroll of amnesia
 i - a scroll of identify
 j - 2 scrolls of poison
 m - 2 scrolls of teleportation
 o - 3 scrolls of immolation
 p - a scroll of fear {unknown}
Miscellaneous
 h - a piece from Xom's chessboard (13/15) (quivered)


   Skills:
 + Level 4.7 Fighting
 + Level 6.4 Polearms
 + Level 4.3 Throwing
 + Level 6.4 Dodging


You had 6 spell levels left.
You didn't know any spells.
Your spell library contained the following spells:

 Spells                   Type           Power      Damage    Failure   Level
 Apportation              Tloc           0%         N/A       65%         1
 Sandblast                Erth           0%         2d4       65%         1
 Passwall                 Tmut/Erth      0%         N/A       78%         2
 Stone Arrow              Conj/Erth      0%         3d7       95%         3
 Alistair's Intoxication  Tmut/Pois      0%         N/A       100%        5


Dungeon Overview and Level Annotations

Branches:
Dungeon (6/15)             Temple (0/1) D:4

Altars:
Sif Muna
Vehumet

Shops:
D:5 =

Annotations:
D:6 Maggie


Innate Abilities, Weirdness & Mutations

((You are very nimble when in or above water. (Stealth+, EV+, Speed+++)))
Your lower body shifts to a powerful aquatic tail in water.


Message History

You hit Maggie but do no damage.
Maggie is moderately wounded.
Maggie misses you. The sleepcap misses you. The kobold misses you.
You closely miss Maggie.
Maggie is moderately wounded.
The sleepcap releases spores at you but does no damage.
The kobold hits you but does no damage. Maggie closely misses you.
Non-targeted evoke: piece from Xom's chessboard (14/15)
Press: ? - help, Q - select action, (/) - cycle Dir - look around, f - activate You make a move on Xom's chessboard...
The kobold flickers and vanishes!
Deactivating autopickup; reactivate with Ctrl-A.
Maggie closely misses you. The sleepcap misses you.
Something hits you but does no damage.
Unknown command.
Unknown command.
You hit something but do no damage. The sleepcap releases spores at you.
You are engulfed in a cloud of soporific spores!
You fall asleep.
Something hits you but does no damage.
The kobold brigand throws a curare-tipped dart.
The curare-tipped dart hits you.
You are poisoned.
You have difficulty breathing.
You wake up.
You feel yourself slow down. Maggie barely misses you.
Unknown command.
Unknown command.
You barely miss something.
You feel sick. The sleepcap misses you.
Maggie says, "How do the people who live here stand the isolation?"
Maggie hits you with a +2 war axe of flaming!
* * * LOW HITPOINT WARNING * * *
Maggie burns you!
* * * LOW HITPOINT WARNING * * *
Something hits you.
* * * LOW HITPOINT WARNING * * *
The sleepcap releases spores at you.
* * * LOW HITPOINT WARNING * * *
You are engulfed in a cloud of soporific spores!
You are unaffected.
Maggie hits you with a +2 war axe of flaming.
You die...

### ..# #.#
#.# ..#
#######!###.#
#..KK.K...!<#
#K# #@# #.@f#
......#
##.....#
#.....#
.......
###.###.# #.
.#


You could see Maggie, a kobold brigand (misshapen), a sleepcap and a kobold.

Vanquished Creatures
  Blork the orc (D:4)
  A scorpion (D:5)
  2 jellies (D:5)
  3 hounds
  Jessica (D:2)
  4 iguanas
  A sleepcap (D:5)
  An orc wizard (D:5)
  5 adders
  A white imp (D:5)
  2 worms
  3 dart slugs
  6 orcs
  7 endoplasms
  5 giant cockroaches
  9 goblins
  4 hobgoblins
  3 jackals (D:4)
  4 quokkas
  8 ball pythons
  4 bats
  6 frilled lizards
  8 kobolds
  4 rats
93 creatures vanquished.

Notes
Turn   | Place    | Note
-------+----------+-------------------------------------------
     0 | D:1      | Pimp the Merfolk Gladiator began the quest for the Orb.
     0 | D:1      | Reached XP level 1. HP: 16/16 MP: 1/1
    84 | D:1      | Reached XP level 2. HP: 21/23 MP: 2/2
   511 | D:1      | Reached XP level 3. HP: 25/28 MP: 3/3
   732 | D:2      | Found a shimmering blue altar of Sif Muna.
   958 | D:2      | Noticed Jessica
   970 | D:2      | Killed Jessica
   971 | D:2      | Reached XP level 4. HP: 29/35 MP: 4/4
  1465 | D:3      | Found a radiant altar of Vehumet.
  1708 | D:3      | Found a faded altar of an unknown god.
  1895 | D:4      | Found a staircase to the Ecumenical Temple.
  1928 | D:4      | Reached skill level 5 in Polearms
  2042 | D:4      | Noticed Blork the orc
  2056 | D:4      | Killed Blork the orc
  2057 | D:4      | Reached skill level 5 in Dodging
  2057 | D:4      | Reached XP level 5. HP: 17/41 MP: 5/5
  2183 | D:4      | Reached XP level 6. HP: 24/48 MP: 6/6
  3101 | D:5      | Entered Level 5 of the Dungeon
  3179 | D:5      | Reached XP level 7. HP: 29/55 MP: 7/7
  3835 | D:5      | Found Abasengu's Jewellery Boutique.
  4179 | D:6      | Noticed Maggie
  4189 | D:6      | Slain by Maggie

Illustrated notes

Levels and vault maps discovered:
D:1:      dpeg_arrival_line_fractal, layout_basic
D:2:      layout_basic, basic_altar, minmay_tetromino_i4, uniq_jessica
D:3:      layout_rooms, mainiacjoe_overflow_brackets,
          ebering_ecumenical_altar_hall, chequers_serial_rivers_micro_b
D:4:      layout_basic, minmay_temple_entry_trees, uniq_blork_the_orc
D:5:      layout_rooms, serial_shops, kennysheep_mini_moat,
          hellmonk_bongcloud_opening, kennysheep_another_room
D:6:      layout_loops_ring, nrook_loot_triangle, uniq_maggie, uniq_pikel,
          uniq_menkaure, uniq_crazy_yiuf_cottage

Skill      XL: |  1  2  3  4  5  6 |
---------------+-------------------+-----
Fighting       | 3 4 |  4.7
Polearms       | 5 6 |  6.4
Throwing       | 3 4 |  4.3
Dodging        | 5 6 |  6.4

Action                     |  1- 3 |  4- 6 |  7- 9 || total
---------------------------+-------+-------+-------++-------
  Melee: Trident           |   116 |   162 |    62 ||   340
         Punch             |     1 |     2 |     1 ||     4
  Evoke: Piece from Xom's  |       |       |     2 ||     2
    Use: Scroll            |       |     9 |       ||     9
         Potion            |       |     4 |     5 ||     9
 Armour: Ring mail         |    37 |    55 |    21 ||   113
         Leather armour    |     1 |       |       ||     1
  Dodge: Dodged            |    78 |   111 |    40 ||   229

Table legend: (Time is in decaauts)
 A = Elapsed time spent in this place.
 B = Non-inter-level travel time spent in this place.
 C = Inter-level travel time spent in this place.
 D = Time resting spent in this place.
 E = Time spent auto-exploring this place.
 F = Levels seen in this place.
 G = Mean time per level.
                   A        B        C        D        E       F      G
               +--------+--------+--------+--------+--------+-----+--------+
         Total |   4189 |   4012 |    177 |    596 |   2464 |   6 |  698.2 |
       Dungeon |   4189 |   4012 |    177 |    596 |   2464 |   6 |  698.2 |
               +--------+--------+--------+--------+--------+-----+--------+

Top non-repeatable levels by time:
     D:4: 1138 daAuts
     D:5: 1068 daAuts
     D:1: 729 daAuts
     D:2: 684 daAuts
     D:3: 557 daAuts
     D:6: 9 daAuts
